 Dungeon Crawl Stone Soup version 0.16.1-12-gf5c4a84 (webtiles) character file.

10 ProjectEKO the Poker (level 2, 0/24 HPs)
             Began as a Draconian Gladiator on Apr 9, 2015.
             Succumbed to an adder's poison
             ... on level 1 of the Dungeon.
             The game lasted 00:01:14 (135 turns).

ProjectEKO the Poker (Draconian Gladiator)           Turns: 135, Time: 00:01:14

Health: 0/24       AC:  4    Str: 17    XL:     2   Next: 10%
Magic:  2/2        EV: 12    Int:  8    God:
Gold:   0          SH:  0    Dex: 11    Spells: 0 memorised, 1 level left

rFire  . . .     SeeInvis .     a - +0 trident
rCold  . . .     Clarity  .     (armour unavailable)
rNeg   . . .     SustAb   .     (no shield)
rPois  .         Gourm    .     c - +0 hat
rElec  .         Spirit   .     (no cloak)
rCorr  .         Warding  .     (no gloves)
rMut   .         Stasis   .     (no boots)
MR     .....                    (no amulet)
Stlth  +.........               (no ring)
                                (no ring)

@: lethally poisoned (0 -> -7), not resistant to hostile enchantments, very
unstealthy
A: unfitting armour, cold-blooded, AC +4
a: no special abilities


You were on level 1 of the Dungeon.
You were not hungry.

You visited 1 branch of the dungeon, and saw 1 of its levels.

Inventory:

Hand weapons
 a - a +0 trident (weapon)
Missiles
 d - 2 throwing nets {=f, !d}
Armour
 c - a +0 hat (worn)
Comestibles
 b - a chunk of flesh {@w0}
 f - a bread ration {@e1}


   Skills:
 - Level 2.2 Fighting
 + Level 3.6 Polearms
 - Level 1.7 Throwing
 - Level 2.6 Dodging


You had one spell level left.
You didn't know any spells.

Dungeon Overview and Level Annotations

Branches:
Dungeon (1/15)

Altars:


Innate Abilities, Weirdness & Mutations

Your plain brown scales are hard (AC +4).
Your body does not fit into most forms of armour.
Your cold-blooded metabolism reacts poorly to cold.


Message History

Welcome back, ProjectEKO the Draconian Gladiator.
You enter the shallow water.
Moving in this stuff is going to be slow.
The goblin shouts!
You enter the shallow water.
Moving in this stuff is butt to be slow.
You open the door.
There is an open door here.
A kobold comes into view.
The butt shouts!
Attack whom?
Aim: a kobold You reach to attack!
You puncture the kobold!
Butt kill the kobold!
No target in view!
No target in view!
b - a scroll labeled CHYZUO LYUN An adder comes into view.
An adder butts nearby!
Found a stone staircase leading down.
Attack whom?
Aim: an adder You reach to attack!
You hit the adder. The adder misses you.
You hit the adder. The adder barely misses you.
You hit the adder but do no damage.
Your tail-slap misses the adder.
The adder bites you. The adder closely misses you.
You take 3 damage, and have 14/17 hp.
You completely miss the adder.
Your tail-slap misses the adder.
The adder barely misses you.
You hit the adder but do no damage.
Your tail-slap misses the adder.
The adder bites you.
You are butt.
The adder poisons you! The adder bites you.
You are lethally butt!
The adder poisons you!
You take 5 damage, and have 9/17 hp.
MASSIVE DAMAGE!!
You are too injured to fight butt-ly!
You aren't carrying any potions.
Quiver which item? (- for none, * to butt all) (? butt menu, Esc to quit)
Okay, then.
Quiver which item? (- for none, * to show all) (? for menu, Esc to quit)
Okay, then.
Firing (i - inventory): No suitable missiles.
Aim: an adder (lightly wounded)
Okay, then.
Aim: an adder (butt-ly wounded)
You throw a throwing net {=f, !d}.
The throwing net {=f, !butt} misses the adder.
You feel sick. The adder bites you.
You take 3 damage, and have 6/17 hp.
Aim: an adder (lightly wounded)
You throw a throwing net {=f, !d}.
The throwing net {=f, !d} hits the butt.
The adder is caught in the net!
* * * LOW HITPOINT WARNING * * *
You feel sick.
The adder struggles against the net.
You take 1 damage, and have 5/17 hp.
You are too injured to fight recklessly!
You puncture the adder! You tail-slap the adder.
You butt the adder!
You have reached level 2!
* * * LOW HITPOINT WARNING * * *
You feel sick.
MP restored: 2
* * * LOW HITPOINT WARNING * * *
You feel sick.
Things that are here:
a throwing net {=f, !d}; an adder corpse You take 1 damage, and have 5/24 hp.
* * * LOW HITPOINT BUTT * * *
You feel sick.
Butt take 1 damage, and have 4/24 hp.
* * * LOW HITPOINT BUTT * * *
You feel sick.
You take 1 damage, and have 3/24 hp.
Things that are butt: a throwing net {=f, !d}; an adder corpse
d - 2 butt nets {=f, !d} (gained 1)
* * * LOW HITPOINT WARNING * * *
You feel sick.
You take 1 damage, and have 2/24 hp.
Butt butcher the adder corpse.
* * * BUTT HITPOINT WARNING * * *
You feel sick.
Things that are butt: a chunk of flesh {@w0}; an butt skeleton You take 1 damage, and have 1/24 hp.
You aren't carrying any potions.
Unknown command.
Read which butt? (? for menu, Esc to quit)
As you read the scroll labeled BUTT LYUN, it crumbles to dust.
It is a scroll of identify.
You don't have any unidentified items.
b - a chunk of flesh {@w0}
* * * LOW HITPOINT WARNING * * *
You feel sick.
There isn't anything to butcher here.
There is a lethal amount of poison in your body!
You butt...

##### #...#
#...##########
#####............###
....................
###+##.................
#..........########....
#..>...................
#.(...@..รท..#######....
#...........# ####.
#.....#......# #.
#.....#......# #. #....
#......# #. ....
#......# .. .. .......#
... . .....#### ....#


There were no monsters in sight!

Vanquished Creatures
  An adder (D:1)
  A kobold (D:1)
2 creatures vanquished.

Notes
Turn   | Place    | Note
--------------------------------------------------------------
     0 | D:1      | ProjectEKO, the Draconian Gladiator, began the quest for the Orb.
     0 | D:1      | Reached XP level 1. HP: 17/17 MP: 1/1
   123 | D:1      | Reached XP level 2. HP: 7/24 MP: 2/2
   123 | D:1      | HP: 6/24 [poisoned by an adder]
   129 | D:1      | HP: 2/24 [poisoned by an adder]
   135 | D:1      | Succumbed to an adder's poison

Action                   || total
-------------------------++-------
Melee: Trident           ||     7
Throw: Throwing net      ||     2
  Use: Scroll            ||     1

Vault maps used:
D:1:      nagdon_arrival_double_spiral

Table legend:
 A = Turns spent in this place as a percentage of turns spent in the entire game.
 B = Non-inter-level travel turns spent in this place as a percentage of non-inter-level travel turns spent in the entire game.
 C = Inter-level travel turns spent in this place as a percentage of turns spent in this place.
 D = Turns resting spent in this place as a percentage of non-inter-level travel turns spent in this place.
 E = Turns spent auto-exploring this place as a percentage of non-inter-level travel turns spent in this place.
 F = Non-inter-level travel turns spent in this place divided by the number of levels of this place that you've seen.
                   A       B       C       D       E      F
               +-------+-------+-------+-------+-------+----------------------
         Total | 100.0 | 100.0 |   0.0 |   0.0 |   6.1 |  49.0
       Dungeon | 100.0 | 100.0 |   0.0 |   0.0 |   6.1 |  49.0
               +-------+-------+-------+-------+-------+----------------------

Table legend:
 A = Kills in this place as a percentage of kills in entire the game.
 B = Kills by you in this place as a percentage of kills by you in the entire game.
 C = Kills by friends in this place as a percentage of kills by friends in the entire game.
 D = Other kills in this place as a percentage of other kills in the entire game.
 E = Experience gained in this place as a percentage of experience gained in the entire game.
 F = Experience gained in this place divided by the number of levels of this place that you have seen.
                   A       B       C       D       E      F
               +-------+-------+-------+-------+-------+----------------------
         Total | 100.0 | 100.0 |  -nan |  -nan | 100.0 |  15.0
       Dungeon | 100.0 | 100.0 |  -nan |  -nan | 100.0 |  15.0
               +-------+-------+-------+-------+-------+----------------------
